AoeStats
← Michi3052

Arena

508790729Analyzed
1v1 RM · 8d ago on Sep 24, 2026· 38m 7s· 2 players
Game mode
Random Map
Map size
Tiny (2 player)
Population
200
Speed
Normal
Resources
Standard
Victory
Conquest
Starting age
Dark Age
Ending age
Imperial Age
RankedLock teamsTeams togetherTeam positionsShared explorationLock speedFull tech treeHidden civsTurbo modeCheats
Victory
Defeat
🇦🇺 Varangians · Australia
760
+15
🇪🇸 Turks · Spain
745
-15
Michi3052
12:03 Feudal Age
13:22 Double-Bit Axe
18:02 Castle Age
16:52 Horse Collar
17:06 Gold Mining
25:39 Imperial Age
25:52 Bow Saw
26:28 Gold Shaft Mining
27:44 Wheelbarrow
31:14 Fletching
31:25 Padded Archer Armor
31:51 Heavy Plow
Froggy
11:46 Feudal Age
13:11 Wheelbarrow
12:43 Double-Bit Axe
18:55 Castle Age
17:34 Gold Mining
19:15 Stone Mining
19:56 Forging
22:19 Scale Barding Armor
25:59 Bloodlines
27:31 Iron Casting
Connection lost

Rejoining the realm…

Still unreachable

The connection could not be restored.

Session expired

The server has moved on; the page needs a fresh start.